 Dungeon Sprint DCSS version 0.31-a0-16-g6d2539766c (webtiles) character file.

Game seed: 4047154005895031237

138 sircluck the Destroyer (level 4, -1/33 HPs)
             Began as a Demigod Conjurer on May 8, 2023.
             Slain by a sun demon (14 damage)
             ... summoned by a kobold demonologist
             ... in the Dungeon (Sprint III: "The Ten Rune Challenge").
             The game lasted 00:00:45 (368 turns).

sircluck the Destroyer (Demigod Conjurer)            Turns: 368, Time: 00:00:46

Health: -1/33      AC:  2    Str:  8    XL:     4   Next: 70%
Magic:  7/12       EV: 12    Int: 24    God:
Gold:   19         SH:  0    Dex: 12    Spells: 9/10 levels left

rFire   . . .        (no weapon)
rCold   . . .        (no shield)
rNeg    . . .        a - +0 robe
rPois   .            (no helmet)
rElec   .            (no cloak)
rCorr   .            (no gloves)
SInv    .            (no boots)
Will    .....        (no amulet)
Stlth   ++           (no ring)
HPRegen 0.25/turn    (no ring)
MPRegen 0.13/turn

%: no teleportation
@: no status effects
A: high MP 1, forlorn, divine attributes
a: no special abilities


You were in the Dungeon.
You visited 1 branch You collected 19 gold pieces.

Inventory:

Armour
 a - a +0 robe (worn)
Scrolls
 g - a scroll of poison {unknown}
 h - 3 scrolls of identify {unknown}
 j - a scroll of torment {unknown}
 k - 2 scrolls of fog {unknown}
Potions
 b - 2 potions of magic
 c - a potion of curing
 d - 2 potions of heal wounds
 e - a potion of haste
 f - a potion of berserk rage
 i - 2 potions of flight


   Skills:
 + Level 2.5 Dodging
 + Level 3.0 Stealth
 + Level 3.9 Spellcasting
 + Level 8.5 Conjurations


You had 9 spell levels left.
You knew the following spells:

 Your Spells              Type           Power      Damage    Failure   Level
a - Magic Dart            Conj           100%       1d8       1%          1

Your spell library contained the following spells:

 Spells                   Type           Power      Damage    Failure   Level
 Searing Ray              Conj           90%        2d7       1%          2
 Dazzling Flash           Conj/Hex       50%        N/A       4%          3
 Fulminant Prism          Conj/Hex       12%        3d8       17%         4
 Iskenderun's Mystic Bla  Conj/Tloc      25%        2d7       17%         4


Dungeon Overview and Level Annotations

Branches:
Dungeon (1/1)


Innate Abilities, Weirdness & Mutations

You have an increased reservoir of magic. (+10% MP)
You shall have no god before yourself.
Your divine heritage dramatically boosts your attributes as you level up.


Message History

The water elemental is moderately damaged.
The magic dart hits the water elemental!
The water elemental is severely damaged.
The magic dart hits the water elemental.
The water elemental is severely damaged.
The magic dart hits the water elemental.
The water elemental is severely damaged.
The magic dart hits the water elemental.
You destroy the water elemental!
Your Spellcasting skill increases to level 3!
Your Conjurations skill increases to level 8!
You have reached level 4!
Unknown command.
There is an open door to the Ecumenical Temple here.
You open the door.
Found three altars.
You close the door.
There is a fountain of clear blue water here.
You open the door.
A wizard comes into view. It is wielding a +0 dagger.
Found a book of Dangerous Friends.
Found three altars.
The magic dart hits the wizard.
The wizard is moderately wounded.
The wizard shouts!
The magic dart hits the wizard.
The wizard is severely wounded.
A kobold demonologist comes into view. It is wielding a +0 dagger.
The wizard closely misses you.
The magic dart hits the wizard.
You kill the wizard!
The kobold demonologist shouts!
The kobold demonologist casts a spell.
Your Stealth skill increases to level 3!
The magic dart hits the sun demon but does no damage.
The sun demon closely misses you.
The magic dart hits the sun demon but does no damage.
The sun demon hits you!!
Ouch! That really hurt!
You are engulfed in flames!
You die...

.#...#### ##.#####
.#......#####..#___#
##...)...#!!#..# ..#
.##.##...#..#..###+#+###+#
.##.###..##'#..#..........
####.##..###...'.⌠........
##..##..####...#...######+
....##..###....#.⌠.#
#..##...##.....#@..#
..##....#..†...#3###
.###..##.#.....#K: .#
#..#####....#___ ▓▓ ▓▓▓▓
▓▓▓▓▓▓▓▓▓▓


You could see a sun demon (summoned) and a kobold demonologist.

Vanquished Creatures
  A water elemental (D)
  Jessica (D)
  A wizard (D)
  A human (D)
  A wolf (D)
  An endoplasm (D)
  2 rats (D)
8 creatures vanquished.

Notes
Turn   | Place    | Note
-------+----------+-------------------------------------------
     0 | D        | sircluck the Demigod Conjurer began the quest for the Orb.
     0 | D        | Reached XP level 1. HP: 14/14 MP: 5/5
    34 | D        | Reached skill level 4 in Conjurations
    64 | D        | Noticed Jessica
    69 | D        | Killed Jessica
    70 | D        | Reached skill level 6 in Conjurations
    70 | D        | Reached XP level 2. HP: 20/20 MP: 0/7
   175 | D        | Reached XP level 3. HP: 19/26 MP: 4/9
   229 | D        | Reached skill level 7 in Conjurations
   260 | D        | Noticed a water elemental
   290 | D        | Killed a water elemental
   291 | D        | Reached skill level 8 in Conjurations
   291 | D        | Reached XP level 4. HP: 33/33 MP: 4/12
   367 | D        | Noticed a sun demon
   368 | D        | Slain by a sun demon

Illustrated notes

Levels and vault maps discovered:
D:        dungeon_sprint_mu [sprint_mu_entry_cave, sprint_mu_temple_rooms,
          sprint_mu_d1_horrors, sprint_mu_d2_genie, sprint_mu_d3_branching,
          sprint_mu_orc_legion, sprint_mu_elf_gauntlet, sprint_mu_hive_nellie,
          sprint_mu_lair_fedhas, sprint_mu_vaults_butterflies,
          sprint_mu_slime_circle, sprint_mu_swamp_cave, sprint_mu_shoals_archi,
          sprint_mu_blade_basic, sprint_mu_crypt_fortress,
          sprint_mu_tomb_spiral, sprint_mu_vestibule_basic,
          sprint_mu_gehenna_hellfire, sprint_mu_dis_giant,
          sprint_mu_tartarus_statrot, sprint_mu_cocytus_islands, sprint_mu_zot1]

Skill      XL: |  1  2  3  4 |
---------------+-------------+-----
Conjurations   | 6 8 |  8.5
Dodging        | 2 |  2.5
Stealth        | 2 3 |  3.0
Spellcasting   | 2 3 |  3.9

Action                     |  1- 3 |  4- 6 || total
---------------------------+-------+-------++-------
   Cast: Magic Dart        |    28 |     5 ||    33
    Use: Scroll            |     1 |       ||     1
         Potion            |     1 |       ||     1
 Armour: Robe              |     2 |       ||     2
  Dodge: Dodged            |     1 |     2 ||     3

Table legend: (Time is in decaauts)
 A = Elapsed time spent in this place.
 B = Non-inter-level travel time spent in this place.
 C = Inter-level travel time spent in this place.
 D = Time resting spent in this place.
 E = Time spent auto-exploring this place.
 F = Levels seen in this place.
 G = Mean time per level.
                   A        B        C        D        E       F      G
               +--------+--------+--------+--------+--------+-----+--------+
         Total |    368 |    368 |      0 |      0 |    293 |   1 |  368.0 |
       Dungeon |    368 |    368 |      0 |      0 |    293 |   1 |  368.0 |
               +--------+--------+--------+--------+--------+-----+--------+

Top non-repeatable levels by time:
       D: 368 daAuts
